 Dungeon Crawl Stone Soup version 0.26.0-16-gc1dbca0489 (webtiles) character file.

Game seed: 6945062385327439153

119 112233 the Ducker (level 5, 0/37 HPs)
             Began as an Octopode Fighter on Jan 20, 2021.
             Succumbed to a worker ant's poison
             ... on level 4 of the Dungeon.
             The game lasted 00:00:54 (1060 turns).

112233 the Ducker (Octopode Fighter)                Turns: 1060, Time: 00:00:54

Health: 0/37       AC:  1    Str: 16    XL:     5   Next: 3%
Magic:  5/5        EV: 12    Int: 10    God:
Gold:   83         SH:  9    Dex: 12    Spells: 4/4 levels left

rFire    . . .     SeeInvis .   a - +0 trident
rCold    . . .     Faith    .   b - +0 kite shield
rNeg     . . .     Spirit   .   (helmet restricted)
rPois    .         Reflect  .   (no amulet)
rElec    .         Harm     .   (no ring)
rCorr    .         Rampage  .   (no ring)
Will     .....                  (no ring)
Stlth    ++........             (no ring)
HPRegen  0.12/turn              (no ring)
MPRegen  0.09/turn              (no ring)
                                (no ring)
                                (no ring)

@: lethally poisoned (0 -> -1)
A: almost no armour, stealthy swim, amphibious, 8 rings, constrict 8, camouflage
1, gelatinous body 1
a: no special abilities


You were on level 4 of the Dungeon.
You visited 1 branch of the dungeon, and saw 4 of its levels.

You collected 83 gold pieces.

Inventory:

Hand Weapons
 a - a +0 trident (weapon)
Missiles
 e - 23 poisoned darts (quivered)
Armour
 b - a +0 kite shield (worn)
Scrolls
 d - a scroll of noise {unknown}
Potions
 c - a potion of might


   Skills:
 + Level 3.7 Fighting
 + Level 3.0 Polearms
 + Level 3.7 Dodging
 + Level 3.7 Shields


You had 4 spell levels left.
You didn't know any spells.
Your spell library was empty.

Dungeon Overview and Level Annotations

Branches:
Dungeon (4/15)
 Temple: D:4-7

Altars:


Innate Abilities, Weirdness & Mutations

You cannot wear most types of armour.
You are very stealthy in the water. (Stealth+)
You are amphibious.
You can wear up to eight rings at the same time.
You can use your tentacles to constrict eight enemies at once.
Your skin changes colour to match your surroundings (Stealth+).
Your rubbery body absorbs attacks. (AC +1, EV +1)


Message History

You feel agile.
Okay, then.
Unknown command.
Unknown command.
You release your grip on the orc.
The orc priest calls upon Beogh to heal the orc.
The orc's wounds heal themselves!
Unknown command.
* * * LOW HITPOINT WARNING * * *
You feel sick.
Unknown command.
Unknown command.
Unknown command.
* * * LOW HITPOINT WARNING * * *
You feel sick.
Unknown command.
Unknown command.
You block the orc's attack.
Unknown command.
You die...

### ##.# ### #..###..## ..
#...#....# ### .... #....@...#
#.## ...... #..o.....###..#####
......###.o...............####
.....)..o.#.......#..........#
#.........B......##..........#
. ......#..##......#..........#
..##.......o##..#.............#
......##...o....#...#.........#
......##..........#<#..#......#


You could see an orc priest, 3 orcs and a giant cockroach.

Vanquished Creatures
  An orc wizard (D:3)
  Natasha (D:3)
  A worker ant (D:4)
  2 adders (D:3)
  A leopard gecko (D:3)
  4 orcs (D:3)
  5 bats
  3 goblins
  2 hobgoblins
  A ball python (D:1)
  3 kobolds
24 creatures vanquished.

Notes
Turn   | Place    | Note
-------+----------+-------------------------------------------
     0 | D:1      | 112233 the Octopode Fighter began the quest for the Orb.
     0 | D:1      | Reached XP level 1. HP: 16/16 MP: 1/1
    96 | D:1      | Reached XP level 2. HP: 15/21 MP: 2/2
   334 | D:2      | Reached XP level 3. HP: 7/26 MP: 3/3
   649 | D:3      | Reached XP level 4. HP: 10/31 MP: 4/4
   890 | D:3      | Noticed Natasha
   900 | D:3      | Killed Natasha
  1050 | D:4      | Reached XP level 5. HP: 2/37 MP: 5/5
  1052 | D:4      | HP: 1/37 [poisoned by a worker ant]
  1060 | D:4      | Succumbed to a worker ant's poison

Illustrated notes

Levels and vault maps discovered:
D:1:      kennysheep_arrival_forest, layout_loops_corners
D:2:      minmay_recursive_quarters, layout_loops_corners
D:3:      layout_rooms, uniq_natasha
D:4:      layout_cave_pools, uniq_pikel

Skill      XL: |  1  2  3  4 |
---------------+-------------+-----
Polearms       | 3 |  3.0
Fighting       | |  3.7
Dodging        | |  3.7
Shields        | |  3.7

Action                   |  1- 3 |  4- 6 || total
-------------------------+-------+-------++-------
Melee: Trident           |    38 |    16 ||    54
       Constrict         |    11 |     5 ||    16
       Tentacles         |     7 |     2 ||     9
 Stab: Sleeping          |     3 |       ||     3
       Distracted        |       |     1 ||     1
Armor: Skin              |     4 |     2 ||     6
Dodge: Dodged            |    22 |    10 ||    32
Block: Kite shield       |    17 |     8 ||    25
